 Dungeon Crawl Stone Soup version 0.28.0-53-g5a82cb258f (webtiles) character file.

Game seed: 3966751137756634584

70 Legadrian the Skirmisher (level 4, -3/38 HPs)
             Began as a Human Fighter on July 2, 2022.
             Slain by Natasha (5 damage)
             ... on level 2 of the Dungeon.
             The game lasted 00:04:03 (1709 turns).

Legadrian the Skirmisher (Human Fighter)            Turns: 1709, Time: 00:04:03

Health: -3/38      AC:  7    Str: 18    XL:     4   Next: 44%
Magic:  4/4        EV:  9    Int:  8    God:
Gold:   29         SH:  4    Dex: 13    Spells: 3/3 levels left

rFire   . . .      SeeInvis .   i - +0 dagger (holy)
rCold   . . .      Faith    .   c - +0 buckler
rNeg    . . .      Spirit   .   b - +0 scale mail
rPois   .          Reflect  .   (no helmet)
rElec   .          Harm     .   k - +0 cloak
rCorr   .          Rampage  .   (no gloves)
Will    .....                   (no boots)
Stlth   ..........              (no amulet)
HPRegen 0.12/turn               (no ring)
MPRegen 0.09/turn               (no ring)

@: silenced, attractive
A: no striking features
a: no special abilities


You were on level 2 of the Dungeon.
You visited 1 branch of the dungeon, and saw 2 of its levels.

You collected 29 gold pieces.

Inventory:

Hand Weapons
 a - a +0 flail
 i - a +0 dagger of holy wrath (weapon)
 j - a +0 hunting sling
Armour
 b - a +0 scale mail (worn)
 c - a +0 buckler (worn)
 k - a +0 cloak (worn)
Scrolls
 g - a scroll of identify {unknown}
 h - a scroll of teleportation {unknown}
Potions
 d - 2 potions of might


   Skills:
 + Level 4.9 Fighting
 - Level 2.0 Maces & Flails
 - Level 3.0 Armour
 - Level 3.0 Shields


You had 3 spell levels left.
You didn't know any spells.
Your spell library was empty.

Dungeon Overview and Level Annotations

Branches:
Dungeon (2/15)

Altars:
Fedhas

Annotations:
D:2 Natasha


Message History

The puff of frost hits you. Natasha claws you.
Natasha mumbles some strange words.
The crimson imp blinks!
Natasha closely misses you.
You see here a +0 club.
The crimson imp shouts, "Fly, thou craven pigeon-egg clam!"
Natasha claws you!
* * * LOW HITPOINT WARNING * * *
The white imp disappears in a puff of smoke!
Natasha completely misses you. Natasha casts a spell at you.
The magic dart hits you!
* * * LOW HITPOINT WARNING * * *
It was a potion of attraction.
You feel attractive to monsters. You block the crimson imp's attack.
The crimson imp hits you but does no damage.
As you read the scroll labelled SEWNIGGOCZY, it crumbles to dust.
A profound silence engulfs you.
It was a scroll of silence.
You block the crimson imp's attack.
Magic scrolls do not work when you're silenced!
You hit the crimson imp.
The crimson imp convulses.
The crimson imp is moderately wounded.
The crimson imp grins evilly.
The crimson imp misses you.
The crimson imp blinks!
Natasha glows brightly for a moment.
The crimson imp is attracted toward you.
You hit Natasha but do no damage.
Natasha is moderately wounded.
Natasha claws you.
* * * LOW HITPOINT WARNING * * *
The crimson imp is attracted toward you.
You hit Natasha.
Natasha is moderately wounded.
You feel yourself speed up. You block Natasha's attack.
Natasha barely misses you.
You hit Natasha but do no damage.
Natasha is moderately wounded.
Natasha claws you.
You die...

....≈.≈.##### ##.....#...#
≈≈≈≈≈≈≈≈≈≈≈#######...# #
≈≈≈≈≈≈≈≈≈###.........###
..≈.....#####..........#
≈.............#####.#..##
≈.≈...####..#.## ##.##..#
#...#### #.##..# #..##..####
.......###.###'###..)......####
######..##.###.#@h5§..........#
##....##..######......##.#
###.##........#.....###'###
###.'...♣...>.#...###≈≈≈≈≈#
##...##........#.....#≈≈≈≈≈#
#..##.##..######.....#≈≈≈≈≈#
###.###..##.# #.......#≈≈≈≈≈#
###.†.......#'####.......###'###
##......##....................#


You could see Natasha and a crimson imp (summoned, unsilenced).

Vanquished Creatures
  Natasha (D:2)
  2 worms (D:2)
  2 dart slugs
  3 endoplasms
  A giant cockroach (D:1)
  4 goblins
  2 hobgoblins (D:2)
  A kobold (D:2)
  A quokka (D:1)
  5 ball pythons
  5 bats
  4 frilled lizards
  4 rats
35 creatures vanquished.

Notes
Turn   | Place    | Note
-------+----------+-------------------------------------------
     0 | D:1      | Legadrian the Human Fighter began the quest for the Orb.
     0 | D:1      | Reached XP level 1. HP: 18/18 MP: 1/1
   257 | D:1      | Reached XP level 2. HP: 23/24 MP: 2/2
   742 | D:2      | Reached skill level 4 in Fighting
   742 | D:2      | Reached XP level 3. HP: 28/30 MP: 3/3
  1121 | D:2      | Found a blossoming altar of Fedhas.
  1417 | D:2      | Noticed Natasha
  1433 | D:2      | Killed Natasha
  1434 | D:2      | Reached XP level 4. HP: 23/38 MP: 4/4
  1685 | D:2      | Noticed Natasha
  1709 | D:2      | Slain by Natasha

Illustrated notes

Levels and vault maps discovered:
D:1:      zelgadis_glass_arrival_large, layout_loops_ring
D:2:      layout_rooms, basic_altar, serial_rivers,
          chequers_serial_rivers_micro_a, chequers_serial_rivers_room_b,
          chequers_serial_rivers_room_b, chequers_serial_rivers_small_3,
          chequers_serial_rivers_marsh, hangedman_decor_growths,
          grunt_ministairs_14, minmay_liquid_box, uniq_natasha

Skill      XL: |  1  2 |
---------------+-------+-----
Fighting       | 4 |  4.9
Maces & Flails | |  2.0
Armour         | |  3.0
Shields        | |  3.0

Action                   |  1- 3 |  4- 6 || total
-------------------------+-------+-------++-------
Melee: Flail             |    67 |       ||    67
       Dagger            |    43 |    32 ||    75
  Use: Scroll            |       |     1 ||     1
       Potion            |       |     1 ||     1
Armor: Scale mail        |    54 |    10 ||    64
Dodge: Dodged            |    42 |     9 ||    51
Block: Buckler           |    23 |    10 ||    33
